 Dungeon Crawl Stone Soup version 0.28.0-53-g5a82cb258f (webtiles) character file.

Game seed: 1305408166767465494

86121 Godmorgon the Bludgeoner (level 15, -23/143 (144) HPs)
             Began as a Minotaur Fighter on Aug 14, 2022.
             Was a High Priest of Okawaru.
             Annihilated by Rupert
             ... wielding a +4 great sword of holy wrath
              (35 damage)
             ... while paralysed by Rupert
             ... on level 15 of the Dungeon.
             The game lasted 01:54:32 (26544 turns).

Godmorgon the Bludgeoner (Minotaur Fighter)        Turns: 26544, Time: 01:54:33

HP:   -23/143 (144) AC: 33    Str: 32    XL:     15   Next: 40%
MP:   23/23         EV:  2    Int:  7    God:    Okawaru [*****.]
Gold: 2807          SH:  0    Dex: 13    Spells: 14/14 levels left

rFire   + . .      SeeInvis +   O - +4 morningstar "Lafaurya" {freeze, *Corrode rC++ Str+3 SInv Stlth+}
rCold   + + +      Faith    +   S - +0 buckler
rNeg    . . .      Spirit   .   M - +2 plate armour {rC+}
rPois   +          Reflect  .   g - +0 hat of Valour {Str+3}
rElec   .          Harm     .   z - +1 cloak {rCorr}
rCorr   +          Rampage  +   A - +2 pair of gloves of the Dripping People {Rampage Dex+3}
Will    +....                   X - +1 pair of boots
Stlth   ..........              o - amulet of faith
HPRegen 0.33/turn               h - +4 ring of protection
MPRegen 0.18/turn               F - ring "Poabyileit" {rPois rF+}

@: paralysed, heroic, lightly drained
A: horns 2, retaliatory headbutt
a: Renounce Religion, Heroism, Finesse, Duel


You were on level 15 of the Dungeon.
You worshipped Okawaru.
Okawaru was extremely pleased with you.
You visited 3 branches of the dungeon, and saw 22 of its levels.
You visited the Abyss 1 time.
You also visited: Bailey.

You collected 2807 gold pieces.

Inventory:

Hand Weapons
 a - a +3 morningstar
 b - a +2 flail of holy wrath
 O - the +4 morningstar "Lafaurya" (weapon) {freeze, *Corrode rC++ Str+3 SInv Stlth+}
   (Okawaru gifted it to you on level 14 of the Dungeon)

   It freezes those it strikes, dealing additional cold damage.
   It can also slow down cold-blooded creatures.
   Str:       It affects your strength (+3).
   rC:        It greatly protects you from cold.
   SInv:      It lets you see invisible.
   *Corrode:  It may corrode you when you take damage.
   Stlth:     It makes you more stealthy.
Missiles
 n - 76 poisoned darts
 r - 12 datura-tipped darts
 t - 11 atropa-tipped darts
 w - 232 stones
 y - 17 boomerangs
 E - 10 javelins (quivered)
 L - 6 curare-tipped darts
 N - 7 throwing nets
 Y - 5 silver javelins
Armour
 g - the +0 hat of Valour (worn) {Str+3}
   (Okawaru gifted it to you in a bailey)

   Str:       It affects your strength (+3).
 i - a +2 pair of gloves
 z - a +1 cloak of preservation (worn)
 A - the +2 pair of gloves of the Dripping People (worn) {Rampage Dex+3}
   (Okawaru gifted it to you on level 11 of the Dungeon)

   Dex:       It affects your dexterity (+3).
   Rampage:   It bestows one free step when moving towards enemies.
 M - a +2 plate armour of cold resistance (worn)
 S - a +0 buckler (worn)
 X - a +1 pair of boots (worn)
Jewellery
 d - a ring of protection from cold
 e - a +6 ring of strength
 h - a +4 ring of protection (left hand)
 l - a ring of flight
 o - an amulet of faith (around neck)
 q - the dreamshard necklace {*Dream Drain}
   (You found it on level 10 of the Dungeon)

   [amulet of nothing]

   It shatters if its wearer takes lethal or near-lethal damage, preventing the
   blow and releasing protective dreams that heal and fight for the wearer.
   Drain:     It drains your maximum health when unequipped.
 F - the ring "Poabyileit" (right hand) {rPois rF+}
   (You found it on level 13 of the Dungeon)

   [ring of poison resistance]

   rF:        It protects you from fire.
   rPois:     It protects you from poison.
 U - the amulet of Altruism {Spirit rElec}
   (You found it on level 6 of the Lair of Beasts)

   [amulet of guardian spirit]

   It causes incoming damage to be divided between your reserves of health and
   magic.
   rElec:     It insulates you from electricity.
Wands
 m - a wand of iceblast (1)
 H - a wand of polymorph (10)
 P - a wand of paralysis (3)
 W - a wand of digging (6)
Scrolls
 c - a scroll of enchant weapon
 p - 3 scrolls of fog
 v - a scroll of enchant armour
 G - 3 scrolls of vulnerability
 I - 5 scrolls of teleportation
 J - 2 scrolls of brand weapon {unknown}
 K - 3 scrolls of immolation {unknown}
Potions
 f - 2 potions of haste
 j - 3 potions of lignification
 k - a potion of ambrosia {unknown}
 s - 10 potions of curing
 u - 2 potions of cancellation
 x - 3 potions of flight {unknown}
 B - 2 potions of resistance
 C - a potion of heal wounds
 D - 2 potions of might
 Q - 2 potions of mutation {unknown}
 V - 2 potions of magic


   Skills:
 + Level 16.0(21.0) Fighting
 - Level 16.0(21.0) Maces & Flails
 - Level 12.0(17.0) Throwing
 + Level 13.2(18.2) Armour
 - Level 5.0(10.0) Dodging
 - Level 5.0(10.0) Shields
 + Level 12.6 Invocations


You had 14 spell levels left.
You didn't know any spells.
Your spell library was empty.

Dungeon Overview and Level Annotations

Branches:
Dungeon (15/15)            Temple (1/1) D:4            Lair (6/6) D:8
  Swamp (0/4) Lair:2        Snake (0/4) Lair:4        Slime (0/5) Lair:6
    Orc (0/2) D:12         Vaults (0/5) D:14         Bailey (visited)
 Depths: D:15

Altars:
Ashenzari
Cheibriados
Dithmenos
Elyvilon
Fedhas
Gozag
Hepliaklqana
Kikubaaqudgha
Makhleb
Nemelex Xobeh
Okawaru
Qazlal
Ru
Sif Muna
Trog
Uskayaw
Vehumet
Wu Jian
Xom
Yredelemnul
Zin
The Shining One

Shops:
D:13 [

Annotations:
D:15 Rupert
Lair:1 digging: enchanted boots


Innate Abilities, Weirdness & Mutations

You have a pair of horns on your head.
You reflexively headbutt those who attack you in melee.


Message History

The dire elephant is severely wounded.
You bludgeon the dire elephant!! You freeze the dire elephant.
The dire elephant is almost dead.
You block the dire elephant's attack. The dire elephant closely misses you.
You bludgeon the dire elephant!! You freeze the dire elephant.
You kill the dire elephant!
Okawaru accepts your kill.
You closely miss the merfolk. The merfolk misses you.
You impale the merfolk!! You freeze the merfolk. You headbutt the merfolk!
The merfolk is severely wounded.
The merfolk hits you with a +0 vorpal trident!
You skewer the merfolk like a kebab!!! You freeze the merfolk.
You kill the merfolk!
Okawaru accepts your kill.
You hit Rupert but do no damage. Rupert closely misses you.
You bludgeon Rupert!! You freeze Rupert.
Rupert is moderately wounded.
You impale Rupert!! You freeze Rupert! You headbutt Rupert.
Rupert is heavily wounded.
Rupert hits you but does no damage.
You barely miss Rupert. You headbutt Rupert.
Rupert is heavily wounded.
You block Rupert's attack.
You hit Rupert but do no damage.
Rupert is heavily wounded.
Rupert says, "My Mum always said: 'Kill them all.'" Rupert yells loudly at you.
You suddenly lose the ability to move!
Rupert roars madly and goes into a rage!
Rupert goes berserk!
Rupert hits you with a +4 great sword of holy wrath!!
Rupert hits you with a +4 great sword of holy wrath!
Rupert hits you with a +4 great sword of holy wrath!!
Rupert hits you with a +4 great sword of holy wrath!!
* * * LOW HITPOINT WARNING * * *
Rupert barely misses you.
Rupert hits you with a +4 great sword of holy wrath!!
* * * LOW HITPOINT WARNING * * *
Rupert hits you with a +4 great sword of holy wrath!!
You die...

## ..# #D. ........#
###.# .........# Y..#
..........# .≈.#
≈..........# ##.J.#
@..........#
#@###+###.........#
#..#@..#............)
#m.#.≈.#.≈...........
####...#............<
.......................
.......................
#############.........#
#.........# #.........#
#...[.....#


You could see Rupert (berserk).

Vanquished Creatures
  2 tengu reavers (D:13)
  A frost giant (D:13)
  A dire elephant (D:15)
  Snorg (D:11)
  Josephine (D:11)
  An ettin (D:13)
  A fire dragon (Lair:6)
  12 hydras
  A rakshasa (D:11)
  Harold (D:7)
  3 vault guards (D:14)
  A merfolk avatar (Lair:6)
  2 boulder beetles
  A catoblepas (D:13)
  Erica (Lair:2)
  A death knight (D:14)
  5 centaur warriors (D:13)
  4 two-headed ogres
  Urug (Lair:2)
  A tengu warrior (D:14)
  Sonja (D:11)
  Nergalle (Lair:1)
  2 bog bodies (Lair:2)
  A skeletal warrior (D:14)
  A lindwurm (Lair:6)
  4 wizards
  A phantasmal warrior (D:14)
  4 deep elf pyromancers
  2 necromancers (D:14)
  2 orc knights
  6 cyclopes
  2 oklob plants (Lair:6)
  4 manticores
  A slime creature (D:15)
  5 elephants
  Joseph (Lair:1)
  4 black mambas
  13 cane toads
  A gargoyle (D:13)
  2 unseen horrors (D:11)
  7 rime drakes
  An efreet (D:13)
  16 komodo dragons
  A kobold demonologist (D:12)
  2 tengu conjurers
  5 hornets
  A merfolk (D:15)
  4 polar bears (Lair:6)
  A meliai (D:11)
  6 trolls
  A tarantella (shapeshifter) (D:15)
  13 blink frogs
  A centaur simulacrum (D:14)
  8 wyverns
  A vampire (D:10)
  10 wraiths
  18 humans (D:14)
  39 yaks
  4 basilisks
  3 fire elementals (D:13)
  2 swamp worms (Lair:2)
  11 steam dragons
  17 water moccasins
  3 acid dragons
  A hornet zombie (D:7)
  10 orc warriors
  2 sky beasts
  A black bear (D:6)
  An ice beast (D:6)
  5 ogres
  6 wolves
  20 centaurs
  2 phantoms (D:5)
  12 kobold brigands
  9 gnoll sergeants
  A small abomination (Abyss:2)
  10 bullfrogs
  A scorpion (D:4)
  4 killer bees (D:9)
  13 wights
  7 electric eels
  2 howler monkeys (D:8)
  8 hounds
  5 centaur zombies
  5 orc priests
  2 gnoll shamans (D:7)
  Crazy Yiuf (D:5)
  2 bullfrog skeletons
  Jessica (D:3)
  A centaur skeleton (D:6)
  5 iguanas
  10 orc wizards
  A killer bee zombie (D:8)
  3 hound skeletons
  2 howler monkey zombies (D:9)
  6 adders
  22 gnolls
  2 shadow imps
  2 ufetubi
  An adder skeleton (D:2)
  3 worms (D:3)
  2 dart slugs
  30 orcs
  9 endoplasms
  2 giant cockroaches (D:3)
  5 goblins
  8 hobgoblins
  6 jackals (D:7)
  3 quokkas
  10 ball pythons
  8 bats
  5 frilled lizards
  23 kobolds
  A quokka zombie (D:5)
  6 rats
  A rat zombie (D:5)
583 creatures vanquished.

Vanquished Creatures (others)
  8 demonic plants (D:1)
  54 fungi
  72 plants
  5 withered plants (D:1)
139 creatures vanquished.

Grand Total: 722 creatures vanquished

Notes
Turn   | Place    | Note
-------+----------+-------------------------------------------
     0 | D:1      | Godmorgon the Minotaur Fighter began the quest for the Orb.
     0 | D:1      | Reached XP level 1. HP: 19/19 MP: 0/0
   142 | D:1      | Reached XP level 2. HP: 23/27 MP: 1/1
   387 | D:1      | Found a faded altar of an unknown god.
   798 | D:2      | Reached XP level 3. HP: 27/33 MP: 2/2
  1074 | D:2      | Found a snail-covered altar of Cheibriados.
  1696 | D:3      | Noticed Jessica
  2020 | D:3      | Reached XP level 4. HP: 30/40 MP: 3/3
  2487 | D:3      | Killed Jessica
  2488 | D:3      | Reached skill level 5 in Maces & Flails
  2488 | D:3      | Reached XP level 5. HP: 46/47 MP: 4/4
  2597 | D:3      | You fall into a shaft and drop 2 floors!
  2597 | D:5      | Entered Level 5 of the Dungeon
  2602 | D:5      | Noticed an ogre
  2620 | D:5      | Found a runed translucent door.
  2621 | D:5      | Noticed Crazy Yiuf
  2628 | D:5      | Killed Crazy Yiuf
  2629 | D:5      | Reached skill level 5 in Fighting
  2729 | D:4      | Found a staircase to the Ecumenical Temple.
  2737 | Temple   | Entered the Ecumenical Temple
  3006 | D:4      | Found a stormy altar of Qazlal.
  3008 | D:4      | Noticed a fire elemental
  3009 | D:4      | Noticed an air elemental
  3009 | D:4      | Noticed a water elemental
  3408 | D:4      | Reached XP level 6. HP: 55/56 MP: 5/5
  3960 | D:3      | Found a blossoming altar of Fedhas.
  4201 | D:5      | Reached XP level 7. HP: 45/63 MP: 6/6
  4542 | D:5      | Found an iron altar of Okawaru.
  4550 | D:5      | Became a worshipper of Warmaster Okawaru
  4777 | D:6      | Reached * piety under Okawaru
  4976 | D:6      | Identified the +5 whip "Waotoys" {spect, Str-5 SInv Stlth+}
  4998 | D:6      | Reached XP level 8. HP: 73/73 MP: 7/7
  5192 | D:6      | Reached ** piety under Okawaru
  5276 | D:6      | Reached skill level 10 in Maces & Flails
  5485 | D:7      | Noticed Harold
  5520 | D:7      | Killed Harold
  5520 | D:7      | Reached *** piety under Okawaru
  5521 | D:7      | Reached XP level 9. HP: 49/83 MP: 6/8
  5813 | D:7      | Reached **** piety under Okawaru
  5903 | D:7      | Identified the +5 ring mail "Fang" {*Corrode Fly Regen+
                  | Dex+4}
  6180 | D:7      | Reached skill level 10 in Fighting
  6485 | D:7      | Reached ***** piety under Okawaru
  6560 | D:7      | Found a glowing golden altar of the Shining One.
  6565 | D:7      | Found a sacrificial altar of Ru.
  6828 | D:8      | Reached XP level 10. HP: 83/94 MP: 9/9
  6909 | D:8      | Found a staircase to the Lair.
  6913 | D:8      | Reached skill level 1 in Dodging
  6913 | D:8      | Reached skill level 1 in Invocations
  6932 | D:8      | Reached skill level 1 in Throwing
  7038 | D:8      | Received a gift from Okawaru
  7662 | Lair:1   | Entered Level 1 of the Lair of Beasts
  7709 | Lair:1   | Noticed a cane toad
  7714 | Lair:1   | Noticed a cane toad
  7720 | Lair:1   | Killed a cane toad
  7725 | Lair:1   | Killed a cane toad
  7726 | Lair:1   | Reached skill level 5 in Armour
  7726 | Lair:1   | Reached skill level 5 in Shields
  7866 | Lair:1   | Noticed Nergalle
  7876 | Lair:1   | Noticed a cane toad
  7913 | Lair:1   | Killed a cane toad
  7945 | Lair:1   | Killed Nergalle
  8025 | Lair:1   | Noticed a cane toad
  8030 | Lair:1   | Killed a cane toad
  8031 | Lair:1   | Reached XP level 11. HP: 88/102 MP: 13/13
  8076 | Lair:1   | Noticed Joseph
  8091 | Lair:1   | Killed Joseph
  8091 | Lair:1   | Identified the +6 dire flail "Dyew" {vorpal, Str+4 Int+3
                  | Dex-4} (Okawaru gifted it to you on level 1 of the Lair of
                  | Beasts)
  8091 | Lair:1   | Received a gift from Okawaru
  8092 | Lair:1   | Reached skill level 5 in Invocations
  8646 | Lair:2   | Noticed Erica
  8663 | Lair:2   | Killed Erica
  8695 | Lair:2   | Noticed Urug
  8711 | Lair:2   | Killed Urug
  9008 | Lair:2   | Received a gift from Okawaru
  9231 | Lair:2   | Noticed a bog body
  9241 | Lair:2   | Killed a bog body
  9257 | Lair:2   | Noticed a bog body
  9260 | Lair:2   | Reached skill level 5 in Dodging
  9262 | Lair:2   | Killed a bog body
  9287 | Lair:2   | Found a staircase to the Swamp.
  9473 | Lair:2   | Reached skill level 5 in Throwing
 10177 | Lair:3   | Received a gift from Okawaru
 10177 | Lair:3   | Reached ****** piety under Okawaru
 10178 | Lair:3   | Reached XP level 12. HP: 77/112 MP: 16/16
 10327 | Lair:3   | Identified the +7 chain mail of Lies {Int+3} (Okawaru
                  | gifted it to you on level 3 of the Lair of Beasts)
 10327 | Lair:3   | Received a gift from Okawaru
 11388 | Lair:4   | Found a staircase to the Snake Pit.
 12010 | Lair:5   | Noticed an eight-headed hydra
 12699 | Lair:5   | Killed an eight-headed hydra
 12701 | Lair:5   | Noticed an eight-headed hydra
 12708 | Lair:5   | Killed an eight-headed hydra
 12709 | Lair:5   | Noticed a seven-headed hydra
 12735 | Lair:5   | Killed a seven-headed hydra
 12735 | Lair:5   | Received a gift from Okawaru
 12736 | Lair:5   | Reached skill level 10 in Invocations
 13216 | Lair:5   | Noticed a four-headed hydra
 13223 | Lair:5   | Killed a four-headed hydra
 13597 | Lair:6   | Entered Level 6 of the Lair of Beasts
 13597 | Lair:6   | Noticed a five-headed hydra
 13604 | Lair:5   | Killed a five-headed hydra
 13860 | Lair:6   | Reached XP level 13. HP: 122/122 MP: 19/19
 14404 | Lair:6   | Received a gift from Okawaru
 14611 | Lair:6   | Paralysed by a hornet for 2 turns
 14753 | Lair:6   | Identified the +0 pair of boots of Gidouc Turu {rCorr}
                  | (Okawaru gifted it to you on level 6 of the Lair of Beasts)
 14753 | Lair:6   | Received a gift from Okawaru
 14754 | Lair:6   | Reached skill level 10 in Armour
 15705 | Lair:6   | Noticed a fire dragon
 15965 | Lair:6   | Found the +7 captain's cutlass {speed, disarm}
 15982 | Lair:6   | Identified the amulet of Altruism {Spirit rElec}
 16377 | Lair:6   | Killed a fire dragon
 16704 | Lair:6   | Received a gift from Okawaru
 16841 | Lair:6   | Found a staircase to the Slime Pits.
 16888 | Lair:6   | Identified the +2 short sword "Waopp" {pain, rC- Int+2
                  | Dex+9 Stlth+}
 17397 | Lair:6   | Received a gift from Okawaru
 17733 | D:9      | Found a burning altar of Makhleb.
 17735 | D:9      | Found a broken altar of Ashenzari.
 17815 | D:9      | Found a flagged portal.
 17824 | D:9      | Paralysed by a hornet for 3 turns
 17872 | Bailey   | Entered a bailey
 17891 | Bailey   | Identified the +0 hat of Valour {Str+3} (Okawaru gifted it
                  | to you in a bailey)
 17891 | Bailey   | Received a gift from Okawaru
 17980 | Bailey   | Found a burning altar of Makhleb.
 18655 | D:10     | Entered Level 10 of the Dungeon
 18694 | D:10     | Reached XP level 14. HP: 121/133 MP: 21/21
 19032 | D:10     | Reached skill level 15 in Maces & Flails
 19078 | D:10     | Reached skill level 10 in Throwing
 19195 | D:10     | Found the dreamshard necklace {*Dream Drain}
 19415 | D:10     | Identified the +10 war axe "Buzir" {vorpal, rF+ rCorr Str+2
                  | Dex+2}
 20436 | D:11     | Received a gift from Okawaru
 20550 | D:11     | Noticed Josephine
 20553 | D:11     | Noticed Snorg
 20561 | D:11     | Killed Josephine
 20574 | D:11     | Killed Snorg
 20970 | D:11     | Identified the +2 pair of gloves of the Dripping People
                  | {Rampage Dex+3} (Okawaru gifted it to you on level 11 of
                  | the Dungeon)
 20970 | D:11     | Received a gift from Okawaru
 21025 | D:11     | Noticed Sonja
 21047 | D:11     | Killed Sonja
 22118 | D:12     | Found a staircase to the Orcish Mines.
 22921 | D:13     | Reached skill level 15 in Fighting
 22926 | D:13     | Noticed a tengu reaver
 22927 | D:13     | Noticed a frost giant
 22928 | D:13     | Noticed a tengu reaver
 23626 | D:13     | Killed a frost giant
 23626 | D:13     | Received a gift from Okawaru
 23685 | D:13     | Identified the ring "Poabyileit" {rPois rF+}
 23810 | D:13     | Found Pulonwou's Antique Armour Boutique.
 23828 | D:13     | Killed a tengu reaver
 23828 | D:13     | Received a gift from Okawaru
 24105 | D:13     | Cast into level 2 of the Abyss (a wizard)
 24126 | Abyss:2  | Found a basalt altar of Yredelemnul.
 24146 | D:13     | Escaped the Abyss
 24268 | D:13     | Killed a tengu reaver
 24268 | D:13     | Received a gift from Okawaru
 24589 | D:13     | Reached XP level 15. HP: 124/141 MP: 22/22
 25854 | D:14     | Identified the +4 morningstar "Lafaurya" {freeze, *Corrode
                  | rC++ Str+3 SInv Stlth+} (Okawaru gifted it to you on level
                  | 14 of the Dungeon)
 25854 | D:14     | Received a gift from Okawaru
 26279 | D:14     | Found a gate to the Vaults.
 26476 | D:15     | Entered Level 15 of the Dungeon
 26479 | D:15     | Noticed Rupert
 26538 | D:15     | Paralysed by Rupert for 6 turns
 26544 | D:15     | Annihilated by Rupert

Illustrated notes

Levels and vault maps discovered:
D:1:      dpeg_arrival_tiny_i, layout_rooms, shapermc_ecumenical_altar_gd,
          hangedman_feature_mirror, minmay_tromino_i4
D:2:      minmay_chambers_of_twos, layout_rooms, kennysheep_flooded_box
D:3:      layout_basic, fedhas_altar_fruit_tree, serial_curves, eino_curves_03,
          eino_curves_03, minmay_diced_spiral, uniq_jessica
D:4:      layout_layer_cave, nicolae_qazlal_style_of_elements,
          minmay_temple_entry_arrows
D:5:      layout_rooms, lemuel_coloured_pillars_altar, enter_ossuary_4,
          kennysheep_donut, minmay_misc_feat_room, uniq_crazy_yiuf_cottage
D:6:      layout_loops_cross
D:7:      layout_cave_pools, mainiacjoe_overflow_big_doors, serial_gnoll_camp,
          gnoll_camp_mini_hut, gnoll_camp_mini_sergeant, gnoll_camp_medium_02,
          gnoll_camp_huts_basic, gnoll_camp_mini_hut, gnoll_camp_mini_hut,
          uniq_harold
D:8:      layout_rooms, erik_lair_island, water_maze_lemuel
D:9:      layout_stronghold, chequers_temple_overflow_statue_of_worship,
          enter_bailey_6, serial_co_window_serial, co_window_of_opportunity_a,
          co_window_of_opportunity_a, co_window_paths_a, co_window_paths_a,
          co_window_corner_a, co_window_paths_b, co_window_paths_a,
          co_window_2corner, co_window_unsneaky_path_d, co_window_2corner,
          glass_columns_a, glass_columns_c, glass_columns_a, glass_columns_c,
          minmay_variable_closet
D:10:     layout_basic, minmay_fractal_squares_5
D:11:     cheibrodos_ideogram_h, layout_basic, uniq_sonja, uniq_josephine,
          uniq_snorg
D:12:     layout_rooms, orc_0_dummy, minmay_holes, glass_columns_a
D:13:     cheibrodos_lost_city_excavation, layout_grid_maze, serial_shops,
          nicolae_shop_overgrown_old_shop, minmay_checkered_concentric_circles
D:14:     layout_loops_corners, grunt_vaults_entry_tiered, minivault_11
D:15:     hangedman_depths_entry_try_elsewhere_first, layout_cross,
          chequers_serial_rivers_micro_a, uniq_jorgrun, uniq_rupert
Temple:   nicolae_temple_no_exploring_needed
Lair:1:   layout_regular_city, nicolae_quartered_pool_little,
          chequers_serial_rivers_small_b, grunt_forest_small_clearing_treed,
          grunt_megastairs_3, uniq_joseph, uniq_nergalle
Lair:2:   layout_layer_cave, nicolae_swamp_entry_splash_gauntlet,
          serial_bayou_shore_a, uniq_urug, uniq_erica
Lair:3:   layout_chaotic_city, nicolae_lair_lil_pond
Lair:4:   layout_regular_city, minmay_snake_entry_six_corridors
Lair:5:   layout_cave_pods
Lair:6:   gammafunk_lair_ancient_temple, layout_gridlike,
          minmay_slime_entry_oklob_open, chequers_serial_rivers_small_a,
          bobbens_dragon_lair_wall

Skill      XL: |  1  2  3  4  5  6  7  8  9 10 11 12 13 14 15 |
---------------+----------------------------------------------+-----
Maces & Flails | 3 4 5 6 7 9 11 13 14 16 | 16.0
Fighting       | 4 5 6 7 9 10 11 12 13 14 15 16 | 16.0
Armour         | 4 6 7 9 11 12 13 | 13.2
Shields        | 4 5 |  5.0
Dodging        | 3 5 |  5.0
Invocations    | 4 7 10 11 12 | 12.6
Throwing       | 3 5 7 9 11 12 | 12.0

Action                   |  1- 3 |  4- 6 |  7- 9 | 10-12 | 13-15 || total
-------------------------+-------+-------+-------+-------+-------++-------
Melee: Flail             |    88 |     4 |    23 |       |       ||   115
       Headbutt          |    15 |    19 |    58 |    95 |   200 ||   387
       Whip              |       |   133 |   238 |    70 |       ||   441
       Morningstar       |       |       |       |   402 |   834 ||  1236
Throw: Dart              |       |     1 |     8 |     8 |    11 ||    28
       Boomerang         |       |       |       |    34 |    63 ||    97
       Javelin           |       |       |       |       |    33 ||    33
Invok: Heroism           |       |       |     2 |     7 |    33 ||    42
       Finesse           |       |       |       |     4 |     9 ||    13
Evoke: Wand              |       |       |       |     3 |     1 ||     4
  Use: Potion            |       |     1 |       |     1 |     5 ||     7
       Scroll            |       |       |       |    11 |    10 ||    21
 Stab: Distracted        |       |       |     1 |     1 |       ||     2
Armor: Scale mail        |    51 |    41 |    53 |       |       ||   145
       Ring mail         |       |       |    19 |    89 |       ||   108
       Chain mail        |       |       |       |    94 |   480 ||   574
       Plate armour      |       |       |       |       |   101 ||   101
Dodge: Dodged            |    45 |    42 |    73 |   149 |   358 ||   667
Block: Buckler           |    20 |    19 |    30 |    79 |   198 ||   346
